 Dungeon Crawl Stone Soup version 0.31.0-11-ge490571c62 (webtiles) character file.

Game seed: 10420327631375553202

74 Ashen the Magician (level 4, -3/31 HPs)
             Began as a Djinni Hedge Wizard on Jan 27, 2024.
             Slain by an orc
             ... wielding a +0 flail
              (9 damage)
             ... on level 2 of the Dungeon.
             The game lasted 00:03:10 (1520 turns).

Ashen the Magician (Djinni Hedge Wizard)            Turns: 1520, Time: 00:03:11

Health: -3/31      AC:  2    Str:  9    XL:     4   Next: 54%
Gold:   119        EV: 13    Int: 17    God:
                   SH:  0    Dex: 13

rFire   + + .        k - +2 dagger (freeze)
rCold   x . .        (no shield)
rNeg    . . .        b - +0 robe
rPois   ∞            c - +0 hat
rElec   .            (no cloak)
rCorr   .            (no gloves)
SInv    .            (boots unavailable)
Will    .....        (no amulet)
Stlth   ++           (no ring)
HPRegen 0.25/turn    (no ring)
MPRegen 0.00/turn

%: infuse magic (-4 HP)
@: flying
A: sickness immunity, fire resistance 2, cold vulnerability 1, float, innate
caster, HP casting, extra vitality 1
a: no special abilities


You were on level 2 of the Dungeon.
You visited 1 branch of the dungeon, and saw 3 of its levels.

You collected 119 gold pieces.

Inventory:

Hand Weapons
 k - a +2 dagger of freezing (weapon)
Armour
 b - a +0 robe (worn)
 c - a +0 hat (worn)
Scrolls
 g - a scroll of fog {unknown}
 h - a scroll of teleportation {unknown}
 i - a scroll of identify {unknown}
Potions
 d - 2 potions of attraction {unknown}
 e - a potion of cancellation {unknown}
 f - a potion of degeneration {unknown}


   Skills:
 + Level 0.3 Fighting
 + Level 3.2 Dodging
 + Level 2.4 Stealth
 * Level 3.5 Spellcasting
 * Level 3.5 Conjurations
 * Level 3.5 Hexes
   Level 0.0 Charms
 * Level 3.5 Summonings
 * Level 3.5 Necromancy
 * Level 3.5 Translocations
   Level 0.0 Transmutations
 * Level 3.5 Fire Magic
 * Level 3.5 Ice Magic
 * Level 3.5 Air Magic
 * Level 3.5 Earth Magic
 * Level 3.5 Alchemy


You knew the following spells:

 Your Spells              Type           Power      Damage    Failure   Level
a - Magic Dart            Conj           56%        1d5       4%          1
b - Slow                  Hex            56%        N/A       4%          1
c - Blink                 Tloc           28%        N/A       6%          2
d - Call Imp              Summ           28%        N/A       6%          2
e - Mephitic Cloud        Conj/Alch/Air  14%        N/A       12%         3
f - Sandblast             Erth           28%        2d8       4%          1
Your spell library was empty.

Dungeon Overview and Level Annotations

Branches:
Dungeon (3/15)

Altars:

Annotations:
D:3 Grinder


Innate Abilities, Weirdness & Mutations

You are immune to sickness and miasma.
You are immune to poison.
Your flesh is very heat resistant. (rF++)
You are vulnerable to cold. (rC-)
You float through the air rather than walking.
You learn spells naturally, not from books.
Your magical power is your life essence.
You have superior vitality. (+4 MHP)


Message History

The magic dart hits the orc but does no damage.
The orc is heavily wounded.
The orc barely misses you. x2
Casting: Magic Dart (safe; 4% risk of failure)
Confirm with . or Enter, or press ? or * to list all spells.
Aiming: Magic Dart (safe; 4% risk of failure)
Press: ? - help, Shift-Dir - straight line, f/p - orc
Aim: an orc, wielding a +0 club and wearing a +0 leather armour (heavily wounded, 100% to hit)
The magic dart hits the orc but does no damage.
The orc is heavily wounded.
The orc barely misses you. The orc hits you with a +0 flail.
* * * LOW HITPOINT WARNING * * *
Casting: Magic Dart (safe; 4% risk of failure)
Confirm with . or Enter, or press ? or * to list all spells.
Aiming: Magic Dart (safe; 4% risk of failure)
Press: ? - help, Shift-Dir - straight line, f/p - orc
Aim: an orc, wielding a +0 club and wearing a +0 leather armour (heavily wounded, 100% to hit)
The magic dart hits the orc.
You kill the orc!
* * * LOW HITPOINT WARNING * * *
The orc misses you.
Casting: Magic Dart (safe; 4% risk of failure)
Confirm with . or Enter, or press ? or * to list all spells.
Aiming: Magic Dart (safe; 4% risk of failure)
Press: ? - help, Shift-Dir - straight line, f - orc
Aim: an orc, wielding a +0 flail and wearing a +0 scale mail (100% to hit)
The magic dart hits the orc but does no damage.
* * * LOW HITPOINT WARNING * * *
The orc barely misses you.
Unknown command.
Casting: Magic Dart (safe; 4% risk of failure)
Confirm with . or Enter, or press ? or * to list all spells.
Aiming: Magic Dart (safe; 4% risk of failure)
Press: ? - help, Shift-Dir - straight line, f/p - orc
Aim: an orc, wielding a +0 flail and wearing a +0 scale mail (100% to hit)
The magic dart hits the orc.
The orc is moderately wounded.
* * * LOW HITPOINT WARNING * * *
The orc hits you with a +0 flail!
You die...

...###..##
#.#.<#########.##.###.
...# #...#
#.#...#...)...........
#..# #.#.#
#.#.#.#.######.##.####
#..# #.#.# #.#...#.#
#.##.## # #..# #.#.#
#.#.#.#.# #.##..# #
#..###.#.###.#.#.#.##
#.###.# #
#..................<#
#.# #.# #
#######..###.##.....#
#.###.### # #..#
#.#..@...#####.##.#>##
# #..#
#...o)......##...###..
# #..#
#.#......##.#####.#.##
#######..#
#.##.....##.# ##.##
.....)...#
#.###.#..##.# #.#
########.#
#.#####..##.######.###
# #.#
#.)...................
########.#
######################
.........#


You could see an orc.

Vanquished Creatures
  3 adders
  4 orcs
  5 ball pythons
  7 bats
  3 endoplasms
  A giant cockroach (D:2)
  6 goblins
  3 hobgoblins
  2 jackals (D:3)
  2 kobolds
  2 frilled lizards (D:1)
  3 rats
41 creatures vanquished.

Notes
Turn   | Place    | Note
-------+----------+-------------------------------------------
     0 | D:1      | Ashen the Djinni Hedge Wizard began the quest for the Orb.
     0 | D:1      | Ashen set off with the following spells memorised: Magic
                  | Dart, Slow, Blink, Call Imp, Mephitic Cloud.
     0 | D:1      | Reached XP level 1. HP: 15/15 MP: 0/0
   129 | D:1      | Reached XP level 2. HP: 20/21 MP: 0/0
   602 | D:2      | Reached XP level 3. HP: 24/25 MP: 0/0
   602 | D:2      | Learned a level 1 spell: Sandblast
   941 | D:2      | Reached XP level 4. HP: 31/31 MP: 0/0
  1215 | D:3      | Noticed Grinder
  1520 | D:2      | Slain by an orc

Illustrated notes

Levels and vault maps discovered:
D:1:      roadster_arrival_rocket_small, layout_basic
D:2:      layout_loops_ring
D:3:      layout_loops_ring, ebering_ghost_reflecting_pool, uniq_grinder

Skill      XL: |  1  2  3 |
---------------+----------+-----
Stealth        | 2 |  2.4
Dodging        | 3 |  3.2
Fighting       | |  0.3
Spellcasting   | |  3.5
Conjurations   | |  3.5
Hexes          | |  3.5
Summonings     | |  3.5
Necromancy     | |  3.5
Translocations | |  3.5
Fire Magic     | |  3.5
Ice Magic      | |  3.5
Air Magic      | |  3.5
Earth Magic    | |  3.5
Alchemy        | |  3.5

Action                     |  1- 3 |  4- 6 || total
---------------------------+-------+-------++-------
  Melee: Dagger            |     2 |     1 ||     3
   Cast: Magic Dart        |    51 |    41 ||    92
   Stab: Sleeping          |     1 |       ||     1
 Armour: Robe              |     2 |    14 ||    16
  Dodge: Dodged            |     5 |    35 ||    40
